 Dungeon Crawl Stone Soup version 0.31.0-1-g2c135a0 (webtiles) character file.

Game seed: 7545394995696929604

22278 GnostlyHero the Basher (level 12, -4/119 HPs)
             Began as a Troll Fighter on Jan 20, 2024.
             Was the Champion of Jiyva.
             Slain by Rupert
             ... wielding a +4 vampiric great sword
              (29 damage)
             ... on level 1 of the Snake Pit.
             The game lasted 01:30:47 (9397 turns).

GnostlyHero the Basher (Troll Fighter)              Turns: 9397, Time: 01:30:48

Health: -4/119     AC: 13    Str: 27    XL:     12   Next: 61%
Magic:  13/13      EV: 13    Int: 14    God:    Jiyva [******]
Gold:   597        SH:  9    Dex:  9    Spells: 11/11 levels left

rFire   . . .        B - -1 demon whip (venom)
rCold   . . .        b - +0 kite shield
rNeg    . . .        n - +0 steam dragon scales
rPois   +            (helmet restricted)
rElec   .            (no cloak)
rCorr   +            (gloves unavailable)
SInv    .            (boots unavailable)
Will    .....        q - amulet of faith
Stlth   +++          K - +4 ring of protection
HPRegen 2.79/turn    G - ring of poison resistance
MPRegen 0.93/turn

%: faith
@: no status effects
A: large, unfitting armour, claws 3, regeneration 1, shaggy fur 1, tough skin 1,
hooves 3, horns 2, thin skeletal structure 1, clever 2, high MP 2, gelatinous
body 2
a: Renounce Religion, Oozemancy, Slimify


You were on level 1 of the Snake Pit.
You worshipped Jiyva.
Jiyva was exalted by your worship.
You visited 4 branches of the dungeon, and saw 14 of its levels.

You collected 597 gold pieces.

Inventory:

Hand Weapons
 a - a +4 dagger of freezing
 d - a +2 war axe of flaming
 g - a +5 spear
 h - a +4 scimitar of freezing
 i - a +1 great sword
 j - a +4 rapier of electrocution
 s - the +8 spear of Defence {flame, Str+5 Dex-3}
   (You found it on level 2 of the Dungeon)

   Str+5:     It affects your strength (+5).
   Dex-3:     It affects your dexterity (-3).
 y - a +1 flail of protection
 B - a -1 demon whip of venom (weapon)
 I - the +6 lajatang of Disharmony {spect, +Blink rElec rC+ Dex+3}
   (You found it on level 4 of the Dungeon)

   Dex+3:     It affects your dexterity (+3).
   rC+:       It protects you from cold.
   rElec:     It insulates you from electricity.
   +Blink:    It lets you blink.
 P - a +5 flail
 S - a +4 quarterstaff of chaos
 U - the +10 falchion of the Gnat {distort, rElec rC+ Dex+4}
   (You found it on level 1 of the Snake Pit)

   Dex+4:     It affects your dexterity (+4).
   rC+:       It protects you from cold.
   rElec:     It insulates you from electricity.
Missiles
 e - 8 boomerangs
 k - 13 poisoned darts
 o - 5 curare-tipped darts
 x - 9 atropa-tipped darts
 L - 2 throwing nets
Armour
 b - a +0 kite shield (worn)
 m - a scarf of shadows
 n - +0 steam dragon scales (worn)
 Z - a +0 tower shield
Magical Staves
 t - a staff of fire
 E - a staff of fire
Jewellery
 q - an amulet of faith (around neck)
 G - a ring of poison resistance (right claw)
 K - a +4 ring of protection (left claw)
 R - an amulet of faith
 X - an amulet of reflection
Wands
 C - a wand of acid (2)
 H - a wand of flame (6) (quivered)
 M - a wand of roots (6)
Scrolls
 f - a scroll of noise {unknown}
 l - 2 scrolls of immolation {unknown}
 p - a scroll of amnesia {unknown}
 r - a scroll of fear {unknown}
 u - 2 scrolls of teleportation {unknown}
 v - a scroll of blinking {unknown}
 F - 6 scrolls of identify
 N - a scroll of revelation {unknown}
 O - a scroll of enchant armour {unknown}
 T - 2 scrolls of enchant weapon
 V - 2 scrolls of vulnerability
 W - a scroll of silence {unknown}
Potions
 c - 2 potions of berserk rage {unknown}
 w - a potion of attraction {unknown}
 z - a potion of curing
 A - 2 potions of magic
 D - a potion of degeneration {unknown}
 J - a potion of enlightenment
 Q - 4 potions of mutation


   Skills:
 + Level 8.0 Fighting
 + Level 11.4 Maces & Flails
 + Level 4.2 Polearms
 + Level 8.7 Dodging
 + Level 2.4 Stealth
 + Level 8.1 Shields
 + Level 3.3 Unarmed Combat
 + Level 1.3 Evocations


You had 11 spell levels left.
You didn't know any spells.
Your spell library contained the following spells:

 Spells                   Type           Power      Damage    Failure   Level
 Sublimation of Blood     Necr           0%         N/A       58%         2
 Dazzling Flash           Conj/Hex       0%         N/A       83%         3
 Mephitic Cloud           Conj/Alch/Air  0%         N/A       83%         3
 Tukima's Dance           Hex            0%         N/A       83%         3
 Passage of Golubria      Tloc           0%         N/A       99%         4
 Petrify                  Alch/Erth      0%         N/A       99%         4
 Curse of Agony           Necr           0%         N/A       100%        5
 Irradiate                Conj/Alch      0%         3d11      100%        5
 Silence                  Hex/Air        0%         N/A       100%        5
 Yara's Violent Unravell  Hex/Alch       0%         3d3       100%        5


Dungeon Overview and Level Annotations

Branches:
Dungeon (10/15)            Temple (1/1) D:4            Lair (2/5) D:10
  Snake (1/4) Lair:2
  Swamp: Lair:2-3    Shoals: Lair:2-3       Orc: D:9-12

Altars:
Ashenzari
Cheibriados
Elyvilon
Gozag
Hepliaklqana
Makhleb
Nemelex Xobeh
Okawaru
Qazlal
Sif Muna
Trog
Wu Jian
Xom
Yredelemnul
Zin
Jiyva

Shops:
D:6 (   D:7 :   D:8 [

Annotations:
Snake:1 Rupert


Innate Abilities, Weirdness & Mutations

You are too large for most types of armour.
You have claws for hands.
Your natural rate of healing is unusually fast.
You are covered in fur. (AC +1)
You have tough skin. (AC +1)
You have hooves in place of feet.
You have a pair of horns on your head.
You have a somewhat thin skeletal structure. (Dex +2, Stealth+)
Your mind is very acute. (Int +8, Str/Dex -2)
You have a considerably increased reservoir of magic. (+20% MP)
Your pliable body absorbs attacks. (AC +2, EV +2)


Message History

You kill the black mamba!
Rupert struggles to escape constriction.
Rupert escapes!
Your Fighting skill increases to level 8!
You whack Rupert!
Rupert looks as sick as possible!
You kick Rupert. Your headbutt misses Rupert.
Rupert is heavily wounded.
Rupert misses you.
You whack Rupert!
Rupert looks as sick as possible!
Your headbutt misses Rupert.
Rupert is heavily wounded.
You block Rupert's attack.
You barely miss Rupert. You kick Rupert! You headbutt Rupert.
Rupert is heavily wounded.
Rupert hits you with a +4 vampiric great sword!!
Rupert draws strength from your wounds!
You barely miss Rupert.
Rupert is heavily wounded.
Rupert misses you.
You hit Rupert but do no damage.
Rupert is heavily wounded.
Rupert barely misses you.
You whack Rupert! Your kick misses Rupert. You headbutt Rupert.
Rupert is severely wounded.
Rupert misses you.
You hit Rupert but do no damage.
Rupert looks as sick as possible!
Your headbutt misses Rupert.
Rupert is severely wounded.
Rupert hits you with a +4 vampiric great sword!!
Rupert draws strength from your wounds!
You hit Rupert but do no damage.
Rupert looks as sick as possible!
Rupert is severely wounded.
Rupert hits you with a +4 vampiric great sword!!!
* * * LOW HITPOINT WARNING * * *
You shudder from the blow and a jelly pops out!
Rupert draws strength from your wounds!
You feel better.
Rupert hits you with a +4 vampiric great sword!!
You die...
Rupert roars with triumph.

...........
#...............
#..............#
#..............#
#..............#
#..............#
#....J.........#
#..............#
#..@...........#
#..@...#.......#
++##+#
##....###......####+
......# #+##'####
####........
.......##.##.#
#........
........#.##.#
#........
........#.##.#
#........
........@....#
##.......
........'....#
##......


You could see Rupert (berserk, extremely poisoned, ally target) and a friendly
azure jelly (summoned).

Vanquished Creatures
  A hydra (Lair:1)
  The ghost of kaikaun the Slicer, a journeyman KoBr (D:8)
  2 two-headed ogres (D:9)
  A shock serpent (Snake:1)
  Amaemon (D:8)
  2 sea snakes (Snake:1)
  A naga ritualist (Snake:1)
  A manticore (D:8)
  2 elephants (D:10)
  9 black mambas (Snake:1)
  A naga mage (Snake:1)
  2 cane toads (Lair:1)
  An orange demon (D:8)
  A rime drake (Lair:2)
  4 komodo dragons
  A hornet (Lair:2)
  5 blink frogs (Lair:2)
  Sigmund (D:6)
  2 wyverns
  13 yaks
  Grum (Lair:1)
  2 steam dragons (D:8)
  5 nagas
  9 water moccasins
  3 orc warriors
  An ice beast (D:6)
  2 black bears (D:10)
  2 wolves (Lair:1)
  A centaur (D:8)
  2 phantoms (D:6)
  5 bullfrogs
  A kobold brigand (D:9)
  2 gnoll sergeants
  A scorpion (D:10)
  7 wights
  4 killer bees (D:8)
  6 electric eels
  A howler monkey (D:5)
  3 orc priests
  3 hounds
  Crazy Yiuf (D:7)
  A gnoll bouda (D:9)
  4 iguanas
  Natasha (D:2)
  5 orc wizards
  13 gnolls
  7 adders
  5 dart slugs
  19 orcs
  7 ball pythons
  An endoplasm (D:1)
  3 giant cockroaches
  8 goblins
  5 hobgoblins
  23 kobolds
  3 quokkas
  9 bats
  5 frilled lizards
  5 rats
238 creatures vanquished.

Vanquished Creatures (collateral kills)
  Nikola (Snake:1)
  A two-headed ogre (D:8)
  A yak (D:8)
  An orc warrior (D:7)
  A sleepcap (D:8)
  2 orc wizards (D:7)
  2 orcs (D:7)
9 creatures vanquished.

Vanquished Creatures (others)
  A steam dragon (D:7)
  A sky beast (D:7)
  An ogre (D:4)
  A centaur (D:9)
  4 kobold brigands
  5 jellies
  A hound (D:4)
  A sleepcap (D:7)
  Natasha (twice) (D:2)
  5 gnolls
  5 goblins (D:4)
  A hobgoblin (D:4)
  A quokka (D:1)
  7 kobolds
36 creatures vanquished.

Grand Total: 283 creatures vanquished

Notes
Turn   | Place    | Note
-------+----------+-------------------------------------------
     0 | D:1      | GnostlyHero the Troll Fighter began the quest for the Orb.
     0 | D:1      | Reached XP level 1. HP: 22/22 MP: 0/0
    98 | D:1      | Reached XP level 2. HP: 29/29 MP: 1/1
   198 | D:1      | Found a faded altar of an unknown god.
   202 | D:1      | Prayed at the altar of an unknown god.
   202 | D:1      | Became a worshipper of Jiyva Jeiqetus the Shapeless
   202 | D:1      | Reached * piety under Jiyva
   344 | D:1      | Reached XP level 3. HP: 36/36 MP: 2/2
   363 | D:1      | Reached ** piety under Jiyva
   849 | D:2      | Found a shimmering blue altar of Sif Muna.
   912 | D:2      | Identified the +8 spear of Defence {flame, Str+5 Dex-3}
  1079 | D:2      | Killed Natasha
  1210 | D:2      | Noticed Natasha
  1215 | D:2      | Killed Natasha
  1216 | D:2      | Reached XP level 4. HP: 40/44 MP: 3/3
  1272 | D:2      | Killed Natasha
  1566 | D:3      | Reached *** piety under Jiyva
  1703 | D:3      | Gained mutation: Your flesh is cold resistant. (rC+)
                  | [Jiyva's grace]
  1703 | D:3      | Gained mutation: Your flesh is very cold resistant. (rC++)
                  | [Jiyva's grace]
  1703 | D:3      | Gained mutation: Your flesh is almost immune to the effects
                  | of cold. (rC+++) [Jiyva's grace]
  1703 | D:3      | Gained mutation: You are partially covered in iridescent
                  | scales. (AC +2) [Jiyva's grace]
  2043 | D:3      | Reached XP level 5. HP: 53/53 MP: 4/4
  2201 | D:3      | Reached **** piety under Jiyva
  2348 | D:4      | Found a staircase to the Ecumenical Temple.
  2367 | Temple   | Entered the Ecumenical Temple
  2458 | D:4      | Identified the +6 lajatang of Disharmony {spect, +Blink
                  | rElec rC+ Dex+3}
  2501 | D:4      | Found an opulent altar of Gozag.
  2587 | D:4      | Killed an ogre
  2616 | D:4      | Reached skill level 1 in Polearms
  2892 | D:5      | Entered Level 5 of the Dungeon
  3007 | D:5      | Reached ***** piety under Jiyva
  3120 | D:5      | Reached XP level 6. HP: 61/61 MP: 5/5
  3174 | D:5      | Gained mutation: Your rubbery body absorbs attacks. (AC +1,
                  | EV +1) [Jiyva's grace]
  3174 | D:5      | Gained mutation: Your pliable body absorbs attacks. (AC +2,
                  | EV +2) [Jiyva's grace]
  3174 | D:5      | Gained mutation: Your gelatinous body deflects attacks. (AC
                  | +3, EV +3) [Jiyva's grace]
  3174 | D:5      | Gained mutation: Your flesh is heat resistant. (rF+)
                  | [Jiyva's grace]
  3506 | D:6      | Noticed an ice beast
  3516 | D:6      | Killed an ice beast
  3520 | D:6      | Reached XP level 7. HP: 67/67 MP: 6/6
  3668 | D:6      | Found a glowing silver altar of Zin.
  3734 | D:6      | Noticed Sigmund
  3749 | D:6      | Killed Sigmund
  3750 | D:6      | Reached skill level 1 in Maces & Flails
  3806 | D:6      | Reached skill level 2 in Maces & Flails
  3806 | D:6      | Reached XP level 8. HP: 78/78 MP: 7/7
  3966 | D:6      | Found Xyla's Weapon Shoppe.
  4200 | D:7      | Found a broken altar of Ashenzari.
  4210 | D:7      | Reached ****** piety under Jiyva
  4295 | D:7      | Found a runed translucent door.
  4296 | D:7      | Noticed Crazy Yiuf
  4301 | D:7      | Killed Crazy Yiuf
  4448 | D:7      | a black bear changed into a slime creature
  4448 | D:7      | Noticed a slime creature
  4468 | D:7      | Reached skill level 3 in Maces & Flails
  4824 | D:7      | Found Cenlehal's Book Boutique.
  4827 | D:7      | Lost mutation: Your flesh is almost immune to the effects
                  | of cold. (rC+++) [Jiyva's grace]
  4827 | D:7      | Lost mutation: Your flesh is heat resistant. (rF+) [Jiyva's
                  | grace]
  4827 | D:7      | Lost mutation: Your gelatinous body deflects attacks. (AC
                  | +3, EV +3) [Jiyva's grace]
  4827 | D:7      | Gained mutation: You are mostly covered in iridescent
                  | scales. (AC +4) [Jiyva's grace]
  4827 | D:7      | Gained mutation: You are completely covered in iridescent
                  | scales. (AC +6) [Jiyva's grace]
  4827 | D:7      | Gained mutation: You are strong-willed. (Will+) [Jiyva's
                  | grace]
  4827 | D:7      | Gained mutation: You are highly strong-willed. (Will++)
                  | [Jiyva's grace]
  5427 | D:8      | Found a runed translucent door.
  5429 | D:8      | Noticed kaikaun's ghost (journeyman KoBr)
  5484 | D:8      | Killed kaikaun's ghost
  5485 | D:8      | Reached skill level 4 in Maces & Flails
  5536 | D:8      | Found Kuppom's Antique Armour Shoppe.
  5638 | D:8      | Reached skill level 5 in Shields
  5662 | D:8      | Reached XP level 9. HP: 79/85 MP: 8/8
  5664 | D:8      | Found a hazy altar of Hepliaklqana.
  5765 | D:8      | Reached skill level 5 in Maces & Flails
  5895 | D:8      | Reached skill level 5 in Dodging
  5895 | D:8      | Noticed a two-headed ogre
  5900 | D:8      | Killed a two-headed ogre
  5901 | D:8      | Reached skill level 6 in Maces & Flails
  5913 | D:8      | Reached skill level 5 in Fighting
  6085 | D:8      | Noticed an orange demon
  6086 | D:8      | Noticed Amaemon
  6098 | D:8      | Killed an orange demon
  6098 | D:8      | Killed Amaemon
  6099 | D:8      | Reached skill level 7 in Maces & Flails
  6099 | D:8      | Reached XP level 10. HP: 96/96 MP: 9/9
  6310 | D:8      | Noticed a manticore
  6323 | D:8      | Killed a manticore
  6627 | D:9      | Noticed a two-headed ogre
  6696 | D:9      | Killed a two-headed ogre
  6697 | D:9      | Reached skill level 8 in Maces & Flails
  6763 | D:9      | Lost mutation: You are completely covered in iridescent
                  | scales. (AC +6) [Jiyva's grace]
  6763 | D:9      | Lost mutation: You are highly strong-willed. (Will++)
                  | [Jiyva's grace]
  6763 | D:9      | Gained mutation: You have a pair of small horns on your
                  | head. [Jiyva's grace]
  6763 | D:9      | Gained mutation: You have a pair of horns on your head.
                  | [Jiyva's grace]
  6763 | D:9      | Gained mutation: You have a pair of large horns on your
                  | head. [Jiyva's grace]
  6763 | D:9      | Gained mutation: You have supernaturally acute eyesight.
                  | (SInv) [Jiyva's grace]
  6931 | D:9      | Noticed a two-headed ogre
  6948 | D:9      | Killed a two-headed ogre
  7266 | D:9      | Found a bloodstained altar of Trog.
  7267 | D:9      | Found a shimmering altar of Xom.
  7268 | D:9      | Found a white marble altar of Elyvilon.
  7269 | D:9      | Found a shimmering blue altar of Sif Muna.
  7349 | D:10     | Entered Level 10 of the Dungeon
  7376 | D:10     | Reached XP level 11. HP: 107/107 MP: 10/10
  7406 | D:10     | Reached skill level 1 in Evocations
  7408 | D:10     | Reached skill level 9 in Maces & Flails
  7459 | D:10     | Found a staircase to the Lair.
  7481 | Lair:1   | Entered Level 1 of the Lair of Beasts
  7670 | Lair:1   | Noticed Grum
  7924 | Lair:1   | Noticed a seven-headed hydra
  7933 | Lair:1   | Killed a seven-headed hydra
  7934 | Lair:1   | Reached skill level 1 in Stealth
  7949 | Lair:1   | Lost mutation: You are mostly covered in iridescent scales.
                  | (AC +4) [Jiyva's grace]
  7949 | Lair:1   | Lost mutation: You are partially covered in iridescent
                  | scales. (AC +2) [Jiyva's grace]
  7949 | Lair:1   | Lost mutation: You have supernaturally acute eyesight.
                  | (SInv) [Jiyva's grace]
  7949 | Lair:1   | Lost mutation: Your flesh is very cold resistant. (rC++)
                  | [Jiyva's grace]
  7949 | Lair:1   | Lost mutation: Your flesh is cold resistant. (rC+) [Jiyva's
                  | grace]
  7949 | Lair:1   | Gained mutation: You have large cloven feet. [Jiyva's
                  | grace]
  7949 | Lair:1   | Gained mutation: You have hoof-like feet. [Jiyva's grace]
  7949 | Lair:1   | Gained mutation: You have hooves in place of feet. [Jiyva's
                  | grace]
  7949 | Lair:1   | Gained mutation: You have a somewhat thin skeletal
                  | structure. (Dex +2, Stealth+) [Jiyva's grace]
  8144 | Lair:1   | Killed Grum
  8323 | Lair:2   | Reached skill level 10 in Maces & Flails
  8601 | Lair:2   | Found a staircase to the Snake Pit.
  8683 | Snake:1  | Entered Level 1 of the Snake Pit
  8836 | Snake:1  | Reached XP level 12. HP: 118/118 MP: 11/11
  8840 | Snake:1  | Noticed Nikola
  8853 | Snake:1  | Killed Nikola
  8875 | Snake:1  | Identified the +10 falchion of the Gnat {distort, rElec rC+
                  | Dex+4}
  8952 | Snake:1  | Reached skill level 11 in Maces & Flails
  9011 | Snake:1  | Found an ornate altar of the Wu Jian Council.
  9011 | Snake:1  | Lost mutation: You have a pair of large horns on your head.
                  | [Jiyva's grace]
  9011 | Snake:1  | Lost mutation: You are strong-willed. (Will+) [Jiyva's
                  | grace]
  9011 | Snake:1  | Gained mutation: Your mind is acute. (Int +4, Str/Dex -1)
                  | [Jiyva's grace]
  9011 | Snake:1  | Gained mutation: Your mind is very acute. (Int +8, Str/Dex
                  | -2) [Jiyva's grace]
  9011 | Snake:1  | Gained mutation: You have an increased reservoir of magic.
                  | (+10% MP) [Jiyva's grace]
  9011 | Snake:1  | Gained mutation: You have a considerably increased
                  | reservoir of magic. (+20% MP) [Jiyva's grace]
  9356 | Snake:1  | Noticed Rupert
  9397 | Snake:1  | Slain by Rupert

Illustrated notes

Levels and vault maps discovered:
D:1:      dpeg_arrival_rooms_a, layout_basic,
          hellmonk_ecumenical_altar_leap_of_faith
D:2:      layout_loops_ring, basic_altar, serial_bayou_crossing, uniq_natasha
D:3:      layout_basic, minmay_puff
D:4:      layout_basic, nicolae_gozag_cash_rules_everything_around_me,
          minmay_temple_entry_slanted, minmay_goblin_outpost
D:5:      layout_basic
D:6:      layout_gridville, amcnicky_altar_gilded, serial_shops,
          nicolae_shop_bloodbath_and_beyond, st_stairs_1,
          nicolae_figureground_sparkle, uniq_sigmund
D:7:      layout_basic, nicolae_ashenzari_skybound, serial_shops,
          nicolae_shop_peninsula, uniq_crazy_yiuf_cottage
D:8:      nicolae_moon_pools, layout_basic, nicolae_hepliaklqana_hazy_memory,
          serial_shops, shop, ebering_ghost_reflecting_pool,
          minmay_fractal_squares_diagonal_5, uniq_amaemon
D:9:      layout_loops_ring, chequers_temple_overflow_statue_of_worship
D:10:     layout_long_grid, lemuel_round_altar, minitemple,
          jmf_multi_god_temple2, grunt_lair_entry_orc_guard_hut
Temple:   nicolae_temple_superstar
Lair:1:   layout_chaotic_city, chequers_serial_rivers_room_b, uniq_grum
Lair:2:   layout_regular_city, guppyfry_snake_entry_island, minivault_26
Snake:1:  layout_gridlike, basic_altar, serial_bayou_ford_a,
          nicolae_zig_zag_zippers, uniq_nikola, uniq_rupert

Skill      XL: |  1  2  3  4  5  6  7  8  9 10 11 12 |
---------------+-------------------------------------+-----
Shields        | 3 4 5 6 7 8 |  8.1
Dodging        | 3 4 6 7 8 |  8.7
Unarmed Combat | 3 |  3.3
Fighting       | 3 4 5 6 7 8 |  8.0
Polearms       | 1 3 4 |  4.2
Maces & Flails | 2 4 7 8 10 11 | 11.4
Evocations     | 1 |  1.3
Stealth        | 2 |  2.4

Action                     |  1- 3 |  4- 6 |  7- 9 | 10-12 || total
---------------------------+-------+-------+-------+-------++-------
  Melee: Unarmed           |    84 |       |       |       ||    84
         Spear             |    17 |   139 |    24 |       ||   180
         Flail             |       |       |   207 |       ||   207
         Demon whip        |       |       |       |   493 ||   493
         Headbutt          |       |       |       |    86 ||    86
         Kick              |       |       |       |    67 ||    67
 Invoke: Slimify           |       |       |     3 |       ||     3
         Oozemancy         |       |       |     1 |     3 ||     4
  Evoke: Wand              |       |       |     6 |     8 ||    14
    Use: Scroll            |       |       |       |     5 ||     5
         Potion            |       |       |       |     4 ||     4
   Stab: Sleeping          |       |       |       |     4 ||     4
 Armour: Robe              |    59 |    93 |   190 |    67 ||   409
         Steam dragon scal |       |       |       |   212 ||   212
  Dodge: Dodged            |    29 |    51 |   104 |   186 ||   370
  Block: Kite shield       |    28 |    58 |   103 |   167 ||   356
